 Dungeon Crawl Stone Soup version 0.28.0 (webtiles) character file.

Game seed: 3706105094214399389

1262 mkm the Covered (level 8, -4/71 HPs)
             Began as a Minotaur Berserker on Feb 9, 2022.
             Was an Elder of Trog.
             Killed from afar by a deep elf elementalist (39 damage)
             ... with a fireball
             ... on level 1 of the Abyss.
             The game lasted 00:12:06 (5649 turns).

mkm the Covered (Minotaur Berserker)                Turns: 5649, Time: 00:12:07

Health: -4/71      AC:  7    Str: 22    XL:     8   Next: 27%
Magic:  7/7        EV: 13    Int:  4    God:    Trog [****..]
Gold:   292        SH:  0    Dex: 12    Spells: 7/7 levels left

rFire   . . .      SeeInvis .   q - +0 battleaxe (flame)
rCold   . . .      Faith    .   (shield currently unavailable)
rNeg    . . .      Spirit   .   b - +0 ring mail
rPois   .          Reflect  .   (helmet restricted)
rElec   .          Harm     .   (no cloak)
rCorr   .          Rampage  .   i - +0 pair of gloves
Will    .....                   (no boots)
Stlth   +.........              (no amulet)
HPRegen 0.21/turn               (no ring)
MPRegen 0.10/turn               (no ring)

@: no status effects
A: horns 2, retaliatory headbutt
a: Renounce Religion, Berserk, Trog's Hand, Brothers in Arms


You were on level 1 of the Abyss.
You worshipped Trog.
Trog was greatly pleased with you.
You visited 1 branch of the dungeon, and saw 5 of its levels.
You visited the Abyss 1 time.

You collected 292 gold pieces.

Inventory:

Hand Weapons
 a - a +0 mace
 k - a +0 hand axe
 q - a +0 battleaxe of flaming (weapon)
Missiles
 o - 2 throwing nets (quivered)
Armour
 b - a +0 ring mail (worn)
 i - a +0 pair of gloves (worn)
Wands
 p - a wand of mindburst (4)
Scrolls
 c - 2 scrolls of teleportation {unknown}
 d - a scroll of blinking {unknown}
 h - a scroll of fog {unknown}
 j - 2 scrolls of immolation {unknown}
 l - a scroll of torment {unknown}
 m - a scroll of enchant armour {unknown}
 s - a scroll of amnesia {unknown}
Potions
 e - a potion of brilliance
 f - 2 potions of curing
 g - a potion of resistance
 r - 2 potions of magic {unknown}


   Skills:
 + Level 6.4 Fighting
 + Level 5.9(6.4) Axes
 - Level 3.7(5.3) Maces & Flails
 + Level 7.1 Armour
 + Level 5.5 Dodging


You had 7 spell levels left.
You didn't know any spells.
Your spell library was empty.

Dungeon Overview and Level Annotations

Branches:
Dungeon (5/15)             Temple (0/1) D:5

Altars:
Okawaru

Shops:
D:4 *


Innate Abilities, Weirdness & Mutations

You have a pair of horns on your head.
You reflexively headbutt those who attack you in melee.


Message History

The gnoll barely misses you.
You closely miss the gnoll.
You headbutt the gnoll, but do no damage.
The gnoll misses you.
The gnoll hits you with a +3 whip of distortion!
You blink.
The gnoll hits you with a +3 whip of distortion.
Space warps around you.
You barely miss the gnoll. You headbutt the gnoll.
The gnoll is lightly wounded.
The gnoll hits you with a +3 whip of distortion.
Space warps around you.
You hit the gnoll but do no damage.
You headbutt the gnoll, but do no damage.
The gnoll is lightly wounded.
The gnoll closely misses you.
You hit the gnoll. You burn the gnoll. You headbutt the gnoll.
The gnoll is severely wounded.
The gnoll hits you with a +3 whip of distortion.
* * * LOW HITPOINT WARNING * * *
Space warps around you.
* * * LOW HITPOINT WARNING * * *
The gnoll barely misses you. You furiously retaliate!
You headbutt the gnoll.
A red film seems to cover your vision as you go berserk!
You feel yourself moving faster!
You feel mighty! The gnoll hits you but does no damage.
You are cast into the Abyss!
This branch contains the abyssal rune of Zot.
You feel a strong urge to attack something.
You feel your anger nearly subside.
You are no longer berserk.
You are exhausted.
You feel yourself slow down.
You are suddenly pulled into a different region of the Abyss!
You feel yourself speed up.
You recover from your berserk rage.
A deep elf elementalist comes into view.
It is wielding a +0 long sword.
A fireball appears from out of your range of vision.
The fireball explodes!
The fireball engulfs you!!!
Ouch! That really hurt!
You die...

### . ..#
#.. .. ##..
#. #..#
#.####.#..#
#.....@#
#...#...# #
......#
#...#.##.
#.# .# . #
.# .. #. #.
. ..


There were no monsters in sight!

Vanquished Creatures
  Sigmund (D:5)
  Menkaure (D:4)
  An ogre (D:5)
  2 kobold brigands
  Blork the orc (D:5)
  A scorpion (D:5)
  A water moccasin zombie (D:5)
  2 orc priests
  2 hounds
  3 iguanas (D:5)
  Ijyb (D:4)
  13 gnolls (D:5)
  11 adders
  3 adder skeletons (D:4)
  4 dart slugs
  9 orcs
  4 bats
  8 endoplasms
  5 giant cockroaches
  8 hobgoblins
  4 jackals (D:2)
  3 quokkas
  8 ball pythons
  A frilled lizard (D:1)
  7 goblins
  51 kobolds
  7 rats
162 creatures vanquished.

Notes
Turn   | Place    | Note
-------+----------+-------------------------------------------
     0 | D:1      | mkm the Minotaur Berserker began the quest for the Orb.
     0 | D:1      | Reached XP level 1. HP: 19/19 MP: 0/0
   106 | D:1      | Found a faded altar of an unknown god.
   258 | D:1      | Reached XP level 2. HP: 27/27 MP: 1/1
   920 | D:2      | Reached ** piety under Trog
   924 | D:2      | Reached XP level 3. HP: 29/34 MP: 2/2
  1725 | D:3      | Reached skill level 5 in Fighting
  1814 | D:3      | Reached skill level 3 in Armour
  1814 | D:3      | Reached XP level 4. HP: 42/42 MP: 3/3
  2371 | D:4      | Found an iron altar of Okawaru.
  2385 | D:3      | Reached *** piety under Trog
  2394 | D:3      | Reached XP level 5. HP: 33/48 MP: 4/4
  2589 | D:4      | Noticed Ijyb
  2690 | D:5      | Entered Level 5 of the Dungeon
  2741 | D:5      | Noticed Sigmund
  2772 | D:5      | Killed Sigmund
  2773 | D:5      | Reached skill level 1 in Axes
  2773 | D:5      | Reached skill level 4 in Armour
  2773 | D:5      | Reached XP level 6. HP: 23/57 MP: 5/5
  3144 | D:5      | Found a staircase to the Ecumenical Temple.
  3166 | D:5      | Reached skill level 5 in Armour
  3509 | D:5      | Reached XP level 7. HP: 62/62 MP: 6/6
  3602 | D:4      | Reached skill level 6 in Armour
  3747 | D:4      | Noticed Menkaure
  3757 | D:4      | Killed Menkaure
  3758 | D:4      | Reached skill level 5 in Dodging
  3999 | D:4      | Found Nykhlici's Assorted Antiques.
  4090 | D:4      | Killed Ijyb
  4655 | D:5      | Noticed Blork the orc
  4663 | D:5      | Killed Blork the orc
  4926 | D:5      | Reached XP level 8. HP: 60/70 MP: 7/7
  5046 | D:5      | Reached **** piety under Trog
  5237 | D:5      | Reached skill level 5 in Axes
  5292 | D:5      | Reached skill level 7 in Armour
  5581 | D:5      | Cast into level 1 of the Abyss (gnoll)
  5645 | Abyss:1  | Noticed a deep elf elementalist
  5649 | Abyss:1  | Killed from afar by a deep elf elementalist

Illustrated notes

Levels and vault maps discovered:
D:1:      scummos_arrival_checkerplants, layout_loops_cross,
          shapermc_ecumenical_altar_venn
D:2:      layout_loops_ring
D:3:      layout_rooms, hex_tiny
D:4:      layout_rooms, serial_shops, shop_fountains,
          hangedman_decor_diamond_cutter, minmay_ruined_shrine, uniq_menkaure,
          uniq_ijyb
D:5:      minmay_goblin_kobold_castle, layout_basic,
          minmay_temple_entry_nine_rooms, uniq_sigmund, uniq_blork_the_orc
Abyss:1:  base:
D:1

Skill      XL: |  1  2  3  4  5  6  7  8 |
---------------+-------------------------+-----
Fighting       | 4 5 6 |  6.4
Dodging        | 3 4 5 |  5.5
Armour         | 3 4 5 6 7 |  7.1
Axes           | 1 2 4 5 |  5.9
Maces & Flails | |  3.7

Action                   |  1- 3 |  4- 6 |  7- 9 || total
-------------------------+-------+-------+-------++-------
Melee: Mace              |    80 |    11 |       ||    91
       Headbutt          |    15 |    16 |    25 ||    56
       Punch             |     1 |     2 |     1 ||     4
       Hand axe          |       |    91 |    67 ||   158
       Battleaxe         |       |       |    81 ||    81
Invok: Berserk           |       |     1 |     5 ||     6
  Use: Scroll            |     1 |     3 |     1 ||     5
 Stab: Sleeping          |     1 |       |       ||     1
Armor: Animal skin       |    11 |       |       ||    11
       Ring mail         |     6 |    35 |    65 ||   106
Dodge: Dodged            |    60 |    96 |   135 ||   291
